 Dungeon Crawl Stone Soup version 0.31-a0-202-g547052bce9 (webtiles) character file.

Game seed: 2715345545018564797

7940 Ijustatesigmund the Tainter (level 11, -4/74 HPs)
             Began as an Octopode Venom Mage on June 27, 2023.
             Was a Priest of Vehumet.
             Shot with an arrow by a centaur (12 damage)
             ... on level 11 of the Dungeon.
             The game lasted 00:31:32 (13193 turns).

Ijustatesigmund the Tainter (Octopode Venom Mage)  Turns: 13193, Time: 00:31:32

Health: -4/74      AC:  7    Str:  7    XL:     11   Next: 23%
Magic:  14/20      EV: 15    Int: 23    God:    Vehumet [***...]
Gold:   574        SH:  0    Dex: 12    Spells: 12/22 levels left

rFire   + . .        w - +5 morningstar (vamp)
rCold   + . .        (no shield)
rNeg    + + .        o - -2 hat of the Alchemist {rElec rPois rF+ rC+ rN+ Will+ rMut rCorr}
rPois   +            k - amulet of regeneration
rElec   +            d - ring of positive energy
rCorr   +            n - +4 ring of protection
SInv    .            y - +4 ring of protection
Will    +....        (no ring)
Stlth   +++          (no ring)
HPRegen 1.12/turn    (no ring)
MPRegen 0.17/turn    (no ring)
                     (no ring)

%: resist mutation
@: radiating poison
A: almost no armour, amphibious, 8 rings, camouflage 1, gelatinous body 1,
(nimble swimmer 1), tentacles
a: Renounce Religion


You were on level 11 of the Dungeon.
You worshipped Vehumet.
Vehumet was most pleased with you.
You visited 2 branches of the dungeon, and saw 12 of its levels.

You collected 717 gold pieces.
You spent 143 gold pieces at shops.

Inventory:

Hand Weapons
 e - a +2 mace of protection
 w - a +5 vampiric morningstar (weapon)
Missiles
 c - a throwing net (quivered)
Armour
 h - a +2 hat
 o - the -2 hat of the Alchemist (worn) {rElec rPois rF+ rC+ rN+ Will+ rMut rCorr}
   (You found it on level 6 of the Dungeon)

   rF:        It protects you from fire.
   rC:        It protects you from cold.
   rElec:     It insulates you from electricity.
   rPois:     It protects you from poison.
   rN:        It protects you from negative energy.
   rCorr:     It protects you from acid and corrosion.
   rMut:      It protects you from mutation.
   Will:      It increases your willpower.
Jewellery
 d - a ring of positive energy (left tentacle)
 i - an amulet of the acrobat
 k - an amulet of regeneration (around mantle)
 n - a +4 ring of protection (right tentacle)
 y - a +4 ring of protection (on tentacle)
Wands
 z - a wand of flame (14)
 B - a wand of mindburst (5)
Scrolls
 f - 2 scrolls of immolation
 g - 4 scrolls of teleportation
 s - a scroll of enchant armour
 u - a scroll of amnesia
 v - a scroll of fear
 x - a scroll of revelation
Potions
 b - 4 potions of curing
 j - 2 potions of mutation
 l - a potion of berserk rage
 m - 3 potions of enlightenment
 p - a potion of might
 q - a potion of haste
 r - 2 potions of degeneration
 A - a potion of cancellation
 C - a potion of lignification {unknown}
 E - 2 potions of resistance {unknown}
Miscellaneous
 a - a phial of floods


   Skills:
 - Level 6.8 Fighting
 - Level 5.1 Maces & Flails
 - Level 5.6 Dodging
 - Level 2.6 Stealth
 + Level 6.3 Spellcasting
 + Level 6.3 Conjurations
 - Level 1.0 Transmutations
 - Level 3.6 Fire Magic
 + Level 6.2 Air Magic
 + Level 8.7 Poison Magic
 + Level 1.7 Evocations


You had 12 spell levels left.
You knew the following spells:

 Your Spells              Type           Power      Damage    Failure   Level
a - Foxfire               Conj/Fire      100%       2x1d9     1%          1
b - Poisonous Vapours     Pois/Air       82%        N/A       1%          2
c - Mephitic Cloud        Conj/Pois/Air  40%        N/A       1%          3
d - Olgreb's Toxic Radia  Pois           47%        N/A       1%          4

Your spell library contained the following spells:

 Spells                   Type           Power      Damage    Failure   Level
 Volatile Blastmotes      Fire/Tloc      30%        2d12      3%          3
 Sting                    Tmut/Pois      100%       1d8       1%          1
 Momentum Strike          Conj/Tloc      42%        3d9       1%          2
 Blink                    Tloc           14%        N/A       12%         2
 Lesser Beckoning         Tloc           14%        N/A       12%         2
 Irradiate                Conj/Tmut      12%        3d15      13%         5
 Gell's Gravitas          Tloc           7%         N/A       24%         3
 Teleport Other           Tloc           7%         N/A       24%         3
 Tukima's Dance           Hex            7%         N/A       24%         3
 Yara's Violent Unravell  Hex/Tmut       4%         3d4       41%         5
 Passage of Golubria      Tloc           7%         N/A       63%         4
 Blade Hands              Tmut           5%         N/A       83%         5
 Dragon Form              Tmut           5%         N/A       100%        7


Dungeon Overview and Level Annotations

Branches:
Dungeon (11/15)            Temple (1/1) D:4            Lair (0/5) D:8
    Orc: D:9-12

Altars:
Ashenzari
Cheibriados
Dithmenos
Elyvilon
Fedhas
Gozag
Hepliaklqana
Kikubaaqudgha
Makhleb
Nemelex Xobeh
Okawaru
Qazlal
Ru
Sif Muna
Trog
Uskayaw
Vehumet
Wu Jian
Xom
Yredelemnul
Zin
The Shining One

Shops:
D:6 !


Innate Abilities, Weirdness & Mutations

You cannot wear most types of armour.
You are amphibious.
You can wear up to eight rings at the same time.
Your skin changes colour to match your surroundings (Stealth+).
Your rubbery body absorbs attacks. (AC +1, EV +1)
((You are camouflaged when in or above water. (Stealth+)))
You have tentacles for arms and can constrict up to eight enemies at once.


Message History

The centaur wields a +0 shortbow.
The centaur shoots an arrow.
The arrow hits you.
* * * LOW HITPOINT WARNING * * *
The centaur shoots an arrow.
The arrow hits you.
* * * LOW HITPOINT WARNING * * *
The centaur shoots an arrow.
The arrow closely misses you.
Okay, then.
Okay, then.
As you read the scroll of fear, it crumbles to dust.
You assume a fearsome visage.
The boulder beetle looks frightened!
The centaur looks frightened! x5
Your attack snaps the boulder beetle out of its fear.
The boulder beetle looks even sicker.
Your attack snaps the centaur out of its fear.
The centaur looks as sick as possible!
Your attack snaps the centaur out of its fear. x2
The centaur looks even sicker.
You kill the centaur!
Vehumet accepts your kill.
Your attack snaps the centaur out of its fear.
Your toxic aura wanes.
You kill the centaur!
Vehumet accepts your kill.
You feel your power returning.
You kill the centaur!
Vehumet accepts your kill.
Vehumet is now aiding your destructive spells.
You feel your power returning.
Casting: Olgreb's Toxic Radiance (mildly dangerous; 1% risk of failure)
Confirm with . or Enter, or press ? or * to list all spells.
You begin to radiate toxic energy.
The boulder beetle looks as sick as possible!
The centaur looks as sick as possible!
The boulder beetle looks as sick as possible!
The centaur looks even sicker.
You kill the centaur!
Vehumet accepts your kill.
You feel your power returning.
The centaur wields a +0 orcbow.
The centaur shoots an arrow.
The arrow hits you!
You die...

####...#.......
########.##..#####
.........##..#
......)..##..#
..#####..##..#
..#)!$#..##..##
..#?)$#$.......
..#$[)#..##..##
..#####@...^.#
....c))........
....B)...######
##########


You could see a boulder beetle (extremely poisoned) and a centaur (very
poisoned).

Vanquished Creatures
  Pikel (D:5)
  Joseph (D:9)
  A gargoyle (D:7)
  Maggie (D:6)
  An unseen horror (D:10)
  A komodo dragon (D:8)
  Grinder (D:6)
  A hornet (D:7)
  Sigmund (D:2)
  3 yaks (D:8)
  A shadow (D:9)
  2 wyverns
  A steam dragon (D:7)
  2 wraiths
  Eustachio (D:4)
  3 vampire mosquitoes (D:10)
  Duvessa (D:4)
  A water moccasin (D:8)
  An orc warrior (D:11)
  A sky beast (D:7)
  A black bear (D:7)
  3 lemures (D:5)
  11 centaurs
  A bullfrog (D:6)
  A kobold brigand (D:3)
  4 scorpions
  12 wights
  Dowan (D:4)
  7 killer bees
  An electric eel (D:6)
  2 howler monkeys
  5 hounds
  3 jellies (D:5)
  3 orc priests (D:3)
  2 sleepcaps
  Terence (D:2)
  11 orc wizards
  3 iguanas
  Robin (D:2)
  9 gnolls
  7 adders
  2 shadow imps
  An ufetubus (D:4)
  A worm (D:4)
  5 dart slugs
  35 orcs
  7 ball pythons
  6 bats
  5 endoplasms
  7 giant cockroaches
  17 goblins
  16 hobgoblins
  10 jackals
  A quokka (D:1)
  4 frilled lizards
  13 kobolds
  5 rats
250 creatures vanquished.

Vanquished Creatures (others)
  97 foxfires
97 creatures vanquished.

Grand Total: 347 creatures vanquished

Notes
Turn   | Place    | Note
-------+----------+-------------------------------------------
     0 | D:1      | Ijustatesigmund the Octopode Venom Mage began the quest for
                  | the Orb.
     0 | D:1      | Reached XP level 1. HP: 11/11 MP: 3/3
   373 | D:1      | Reached XP level 2. HP: 18/18 MP: 0/5
   376 | D:1      | Learned a level 2 spell: Poisonous Vapours
   630 | D:1      | Reached skill level 1 in Fighting
   630 | D:1      | Reached skill level 4 in Poison Magic
   653 | D:1      | Reached XP level 3. HP: 23/23 MP: 1/6
   664 | D:1      | Learned a level 3 spell: Mephitic Cloud
  1305 | D:2      | Noticed Robin
  1335 | D:2      | Killed Robin
  1336 | D:2      | Reached XP level 4. HP: 4/28 MP: 1/8
  1336 | D:2      | HP: 1/28 [hobgoblin[Robin] (4)]
  1451 | D:2      | Reached skill level 1 in Conjurations
  1487 | D:2      | Reached skill level 1 in Air Magic
  1585 | D:2      | Noticed Terence
  1587 | D:2      | Noticed Sigmund
  1835 | D:2      | Killed Sigmund
  1836 | D:2      | Reached skill level 5 in Poison Magic
  1836 | D:2      | Reached XP level 5. HP: 25/33 MP: 1/10
  1836 | D:2      | Reached XP level 6. HP: 29/38 MP: 1/11
  1980 | D:2      | Killed Terence
  3145 | D:4      | Reached XP level 7. HP: 43/43 MP: 3/12
  3469 | D:4      | Reached skill level 6 in Poison Magic
  3472 | D:4      | Noticed Duvessa
  3473 | D:4      | Noticed Dowan
  3516 | D:4      | Learned a level 4 spell: Olgreb's Toxic Radiance
  3682 | D:4      | Noticed Eustachio
  3709 | D:4      | Killed Eustachio
  3977 | D:4      | Killed Dowan
  3998 | D:4      | Killed Duvessa
  3999 | D:4      | Reached XP level 8. HP: 48/48 MP: 1/14
  4350 | D:4      | Found a staircase to the Ecumenical Temple.
  4356 | Temple   | Entered the Ecumenical Temple
  4584 | Temple   | Became a worshipper of Vehumet
  5360 | D:3      | Reached * piety under Vehumet
  5360 | D:3      | Offered knowledge of Foxfire by Vehumet.
  5435 | D:3      | Learned a level 1 spell: Foxfire
  5515 | D:3      | Reached skill level 7 in Poison Magic
  5861 | D:5      | Entered Level 5 of the Dungeon
  5866 | D:5      | Reached skill level 5 in Spellcasting
  6029 | D:5      | Noticed Pikel
  6040 | D:5      | Killed Pikel
  6041 | D:5      | Reached skill level 5 in Conjurations
  6041 | D:5      | Reached skill level 1 in Fire Magic
  6041 | D:5      | Reached XP level 9. HP: 22/55 MP: 2/17
  6417 | D:5      | Reached skill level 5 in Air Magic
  6581 | D:5      | Found a blossoming altar of Fedhas.
  7590 | D:6      | Noticed Maggie
  7603 | D:6      | Killed Maggie
  7603 | D:6      | Reached ** piety under Vehumet
  7784 | D:6      | Found the -2 hat of the Alchemist {rElec rPois rF+ rC+ rN+
                  | Will+ rMut rCorr}
  7889 | D:6      | Found Ducsaigg's Distillery.
  7899 | D:6      | Bought a potion of haste for 130 gold pieces
  7899 | D:6      | Bought a potion of degeneration for 13 gold pieces
  7978 | D:6      | Noticed Grinder
  7989 | D:6      | Reached skill level 8 in Poison Magic
  7992 | D:6      | Killed Grinder
  8277 | D:7      | Found a broken altar of Ashenzari.
  8277 | D:7      | Found a burning altar of Makhleb.
  8278 | D:7      | Found a shimmering altar of Xom.
  8440 | D:7      | Offered knowledge of Momentum Strike by Vehumet.
  8799 | D:7      | Noticed a hornet
  8805 | D:7      | Killed a hornet
  9107 | D:7      | Reached XP level 10. HP: 61/63 MP: 19/19
  9164 | D:7      | Noticed a gargoyle
  9175 | D:7      | Killed a gargoyle
  9176 | D:7      | Reached skill level 1 in Maces & Flails
  9785 | D:8      | Found an ornate altar of the Wu Jian Council.
  9787 | D:8      | Found a hide-covered altar of Uskayaw.
  9956 | D:8      | Reached skill level 5 in Fighting
 10658 | D:8      | Found a stormy altar of Qazlal.
 10698 | D:8      | Found a staircase to the Lair.
 11011 | D:9      | Noticed Joseph
 11023 | D:9      | Killed Joseph
 11024 | D:9      | Reached skill level 5 in Dodging
 11488 | D:9      | HP: 3/67 [wight/+0 dagger (4)]
 11647 | D:9      | Reached skill level 5 in Maces & Flails
 11647 | D:9      | Reached XP level 11. HP: 45/74 MP: 20/20
 12125 | D:10     | Entered Level 10 of the Dungeon
 12557 | D:10     | Offered knowledge of Volatile Blastmotes by Vehumet.
 12607 | D:10     | Reached skill level 1 in Evocations
 13182 | D:11     | Noticed a boulder beetle
 13192 | D:11     | Reached *** piety under Vehumet
 13193 | D:11     | Shot with an arrow by a centaur

Illustrated notes

Levels and vault maps discovered:
D:1:      psy_arrival_fountain, layout_loops_corners
D:2:      layout_rooms, uniq_robin, uniq_sigmund, uniq_terence
D:3:      cheibrodos_thug_alley, layout_loops_ring, kennysheep_orc_chapel
D:4:      layout_loops_cross, minmay_temple_entry_glassed_door,
          minmay_misc_feat_nine_boxes, uniq_duvessa, uniq_eustachio
D:5:      layout_gridville, amcnicky_altar_gilded, uniq_pikel
D:6:      layout_basic, serial_shops, nicolae_shop_industrial_runoff,
          water_boxes_lemuel, uniq_maggie, uniq_grinder
D:7:      layout_basic, chequers_temple_overflow_statue_of_worship
D:8:      layout_basic, general_overflow_altar, jmf_multi_god_temple,
          david_lair_shrubbed
D:9:      layout_cave_pods, uniq_joseph
D:10:     layout_stronghold
D:11:     kennysheep_ambush_hall, layout_loops_ring, due_unseen_surprise,
          uniq_psyche
Temple:   regret_index_temple_generic_petals

Skill      XL: |  1  2  3  4  5  6  7  8  9 10 11 |
---------------+----------------------------------+-----
Fighting       | 1 2 4 6 |  6.8
Poison Magic   | 4 5 6 7 8 |  8.7
Conjurations   | 2 3 4 5 6 |  6.3
Air Magic      | 2 3 4 5 6 |  6.2
Spellcasting   | 3 4 5 6 |  6.3
Fire Magic     | 1 3 |  3.6
Maces & Flails | 5 |  5.1
Dodging        | 5 |  5.6
Evocations     | 1 |  1.7
Stealth        | |  2.6
Transmutations | |  1.0

Action                     |  1- 3 |  4- 6 |  7- 9 | 10-12 || total
---------------------------+-------+-------+-------+-------++-------
  Melee: Unarmed           |     7 |       |       |       ||     7
         Constrict         |    13 |    30 |    34 |    30 ||   107
         Mace              |    45 |    53 |    48 |    20 ||   166
         Tentacles         |    11 |    21 |    32 |    54 ||   118
         Punch             |     1 |       |     1 |     2 ||     4
         Halberd           |       |    51 |    93 |       ||   144
         Morningstar       |       |       |       |   141 ||   141
         Hand axe          |       |       |       |    12 ||    12
  Throw: Throwing net      |       |       |     2 |       ||     2
   Cast: Sting             |    11 |     5 |     1 |       ||    17
         Poisonous Vapours |     7 |    24 |    33 |     4 ||    68
         Mephitic Cloud    |     2 |     7 |     8 |     2 ||    19
         Olgreb's Toxic Ra |       |       |    25 |    25 ||    50
         Foxfire           |       |       |    41 |    17 ||    58
    Use: Potion            |     3 |       |     3 |     5 ||    11
         Scroll            |     1 |     3 |    13 |     9 ||    26
   Stab: Sleeping          |     2 |     5 |     6 |     2 ||    15
         Distracted        |       |     2 |     1 |       ||     3
         Confused          |       |     1 |     1 |     1 ||     3
 Armour: Skin              |    12 |    26 |    39 |    50 ||   127
  Dodge: Dodged            |    39 |    85 |   105 |   140 ||   369

Table legend: (Time is in decaauts)
 A = Elapsed time spent in this place.
 B = Non-inter-level travel time spent in this place.
 C = Inter-level travel time spent in this place.
 D = Time resting spent in this place.
 E = Time spent auto-exploring this place.
 F = Levels seen in this place.
 G = Mean time per level.
                   A        B        C        D        E       F      G
               +--------+--------+--------+--------+--------+-----+--------+
         Total |  13410 |  13044 |    366 |   3599 |   7432 |  12 | 1117.5 |
       Dungeon |  13155 |  12854 |    301 |   3599 |   7247 |  11 | 1195.9 |
        Temple |    254 |    190 |     64 |      0 |    185 |   1 |  254.0 |
               +--------+--------+--------+--------+--------+-----+--------+

Top non-repeatable levels by time:
     D:4: 1686 daAuts
     D:7: 1506 daAuts
     D:1: 1487 daAuts
     D:3: 1435 daAuts
     D:6: 1283 daAuts
     D:8: 1221 daAuts
     D:9: 1196 daAuts
     D:5: 1126 daAuts
     D:2: 1114 daAuts
    D:10: 990 daAuts
  Temple: 254 daAuts
    D:11: 107 daAuts
